 Dungeon Crawl Stone Soup version 0.27.1-3-gb3d3a73c9e (webtiles) character file.

Game seed: 7617507677579909950

3365 Crownlay the Frost Mage (level 10, -3/73 HPs)
             Began as a Gnoll Ice Elementalist on Oct 17, 2021.
             Was a Follower of Uskayaw.
             Slain by a wyvern zombie (9 damage)
             ... on level 7 of the Dungeon.
             The game lasted 00:13:55 (9339 turns).

Crownlay the Frost Mage (Gnoll Ice Elementalist)    Turns: 9339, Time: 00:13:56

Health: -3/73      AC: 14    Str: 11    XL:     10   Next: 3%
Magic:  11/20      EV: 14    Int: 23    God:    Uskayaw [*.....]
Gold:   281        SH:  0    Dex: 13    Spells: 13/23 levels left

rFire    x . .     SeeInvis .   y - +1 dagger (drain)
rCold    + . .     Faith    .   (no shield)
rNeg     + . .     Spirit   .   w - +3 leather armour {rPois}
rPois    +         Reflect  .   (no helmet)
rElec    .         Harm     .   (no cloak)
rCorr    .         Rampage  .   (no gloves)
Will     .....                  (no boots)
Stlth    ++........             (no amulet)
HPRegen  0.22/turn              j - +6 ring of intelligence
MPRegen  0.17/turn              z - ring "Kaull" {Ice rN+ Str+3 Stlth-}

@: brilliant, ice-armoured, freezing walls, flying, studying Earth Magic
A: fangs 1, strong nose, distributed training
a: Renounce Religion, Stomp


You were on level 7 of the Dungeon.
You worshipped Uskayaw.
Uskayaw was noncommittal.
You visited 2 branches of the dungeon, and saw 8 of its levels.

You collected 281 gold pieces.

Inventory:

Hand Weapons
 b - a +1 short sword
 y - a +1 dagger of draining (weapon)
Missiles
 t - 5 curare-tipped darts
Armour
 w - a +3 leather armour of poison resistance (worn)
Jewellery
 j - a +6 ring of intelligence (left hand)
 o - a ring of magical power
 z - the ring "Kaull" (right hand) {Ice rN+ Str+3 Stlth-}
   (You found it on level 7 of the Dungeon)

   [ring of ice]

   It enhances your ice magic.
   Str:       It affects your strength (+3).
   rF:        It makes you vulnerable to fire.
   rC:        It protects you from cold.
   rN:        It protects you from negative energy.
   Stlth:     It makes you less stealthy.
 A - a +4 ring of protection
Wands
 i - a wand of mindburst (15)
 s - a wand of acid (5)
Scrolls
 a - a scroll of vulnerability {unknown}
 c - a scroll of identify
 d - a scroll of silence
 f - a scroll of summoning {unknown}
 g - a scroll of brand weapon {unknown}
 h - a scroll of fear
 l - 2 scrolls of magic mapping
 n - 2 scrolls of enchant weapon
 r - 2 scrolls of teleportation
 u - a scroll of amnesia {unknown}
 v - a scroll of enchant armour {unknown}
Potions
 e - a potion of flight
 k - a potion of cancellation {unknown}
 m - a potion of curing {unknown}
 p - a potion of invisibility {unknown}
 q - 4 potions of brilliance
 x - a potion of lignification {unknown}


   Skills:
 + Level 4.8 Fighting
 + Level 4.8 Short Blades
 + Level 4.8 Long Blades
 + Level 4.8 Axes
 + Level 4.8 Maces & Flails
 + Level 4.8 Polearms
 + Level 4.8 Staves
 + Level 4.8 Slings
 + Level 4.8 Bows
 + Level 4.8 Crossbows
 + Level 4.8 Throwing
 + Level 4.8 Armour
 + Level 6.7 Dodging
 + Level 6.4 Stealth
 + Level 4.8 Shields
 + Level 4.8 Unarmed Combat
 + Level 7.0 Spellcasting
 + Level 4.0 Conjurations
 + Level 4.0 Hexes
 + Level 4.0 Summonings
 + Level 4.0 Necromancy
 + Level 4.0 Translocations
 + Level 4.0 Transmutations
 + Level 4.0 Fire Magic
 + Level 8.2 Ice Magic
 + Level 4.0 Air Magic
 + Level 4.0 Earth Magic
 + Level 4.0 Poison Magic
 + Level 5.3 Invocations
 + Level 4.8 Evocations


You had 13 spell levels left.
You knew the following spells:

 Your Spells              Type           Power      Damage    Failure   Level
a - Freeze                Ice            100%       1d11      1%          1
b - Frozen Ramparts       Ice            100%       1d12      1%          3
c - Ozocubu's Armour      Ice            81%        N/A       1%          3
d - Mephitic Cloud        Conj/Pois/Air  39%        N/A       5%          3

Your spell library contained the following spells:

 Spells                   Type           Power      Damage    Failure   Level
 Foxfire                  Conj/Fire      100%       2x1d9     1%          1
 Magic Dart               Conj           100%       1d8       1%          1
 Call Imp                 Summ           39%        N/A       2%          2
 Conjure Flame            Conj/Fire      39%        6-21      5%          3
 Inner Flame              Hex/Fire       39%        N/A       5%          3
 Hailstorm                Conj/Ice       69%        3d14      8%          4


Dungeon Overview and Level Annotations

Branches:
Dungeon (7/15)             Temple (1/1) D:6

Altars:
Elyvilon
Makhleb
Nemelex Xobeh
Sif Muna
Uskayaw
Wu Jian
Yredelemnul
Beogh

Annotations:
D:7 2 runed translucent doors


Innate Abilities, Weirdness & Mutations

You have very sharp teeth.
Your uncanny sense of smell can sniff out nearby items.
Your experience applies equally to all skills.


Message History

The wyvern zombie closely misses you.
You completely miss the wyvern zombie.
The wyvern zombie is heavily damaged.
The wyvern zombie resists.
The wall freezes the wyvern zombie.
The wyvern zombie bites you!
* * * LOW HITPOINT WARNING * * *
You hit the wyvern zombie.
The wyvern zombie is heavily damaged.
The wyvern zombie resists.
The wall freezes the wyvern zombie.
The wyvern zombie bites you.
* * * LOW HITPOINT WARNING * * *
It was a potion of brilliance.
You feel clever all of a sudden.
The wyvern zombie completely resists.
The wall freezes the wyvern zombie but does no damage.
The wyvern zombie closely misses you.
Okay, then.
It was a potion of flight.
You feel very buoyant.
You fly up into the air.
The wyvern zombie resists.
The wall freezes the wyvern zombie.
The wyvern zombie bites you but does no damage.
The wyvern zombie completely resists.
The wall freezes the wyvern zombie but does no damage.
The wyvern zombie bites you but does no damage.
Casting: Ozocubu's Armour (safe; 1% risk of failure)
Confirm with . or Enter, or press ? or * to list all spells.
Aiming: Freeze (safe; 1% risk of failure)
Press: ? - help, Shift-Dir - straight line, f - wyvern zombie
Aim: a wyvern zombie (heavily damaged)
You feel a strong surge of power!
You freeze the wyvern zombie.
The wyvern zombie resists.
The wyvern zombie is heavily damaged.
The wall freezes the wyvern zombie but does no damage.
The wyvern zombie bites you but does no damage.
You barely miss the wyvern zombie.
The wyvern zombie is heavily damaged.
The wyvern zombie resists.
The wall freezes the wyvern zombie.
The wyvern zombie bites you!
You die...

......... .# .... #........ ...
>.. #......... ......## #..
.......... ........##..
........... .........#.#
###...........
#....#....###.?...........
####....# #..##..............
#..#....## #@Z....##.........
#........###(.....# #.......
##............#...# .#.......
###.........##.##..............
#...........#####..#...........
.............# ##.##.#####.....
............####......###.....†
..........#........##..####....
#.........#..#................#


You could see a wyvern zombie.

Vanquished Creatures
  A hydra (D:7)
  Eustachio (D:6)
  2 water moccasins
  2 ice beasts (D:6)
  3 sky beasts
  An ogre (D:4)
  3 necrophages
  3 centaurs
  3 bullfrogs
  2 gnoll sergeants (D:7)
  A scorpion (D:6)
  2 water moccasin skeletons (D:4)
  3 jellies
  4 orc priests
  2 hounds
  2 bullfrog skeletons
  A centaur skeleton (D:7)
  3 iguanas
  3 orc wizards
  4 hound skeletons
  5 gnolls
  11 adders
  4 adder skeletons (D:4)
  A dart slug (D:4)
  16 orcs
  6 ball pythons
  4 bats
  5 endoplasms
  6 giant cockroaches
  6 goblins
  8 hobgoblins
  A jackal (D:3)
  3 quokkas
  2 frilled lizards (D:2)
  10 kobolds
  8 rats
142 creatures vanquished.

Notes
Turn   | Place    | Note
-------+----------+-------------------------------------------
     0 | D:1      | Crownlay the Gnoll Ice Elementalist began the quest for the
                  | Orb.
     0 | D:1      | Reached XP level 1. HP: 13/13 MP: 6/6
   119 | D:1      | Reached XP level 2. HP: 19/19 MP: 3/7
   642 | D:1      | Reached XP level 3. HP: 21/25 MP: 7/9
   646 | D:1      | Learned a level 3 spell: Frozen Ramparts
   650 | D:1      | Learned a level 3 spell: Ozocubu's Armour
   734 | D:1      | Reached skill level 5 in Spellcasting
  1329 | D:2      | Reached skill level 1 in Invocations
  1342 | D:2      | Reached skill level 1 in Fighting
  1342 | D:2      | Reached skill level 1 in Short Blades
  1342 | D:2      | Reached skill level 1 in Long Blades
  1342 | D:2      | Reached skill level 1 in Axes
  1342 | D:2      | Reached skill level 1 in Maces & Flails
  1342 | D:2      | Reached skill level 1 in Polearms
  1342 | D:2      | Reached skill level 1 in Staves
  1342 | D:2      | Reached skill level 1 in Slings
  1342 | D:2      | Reached skill level 1 in Bows
  1342 | D:2      | Reached skill level 1 in Crossbows
  1342 | D:2      | Reached skill level 1 in Throwing
  1342 | D:2      | Reached skill level 1 in Armour
  1342 | D:2      | Reached skill level 1 in Shields
  1342 | D:2      | Reached skill level 1 in Unarmed Combat
  1342 | D:2      | Reached skill level 1 in Evocations
  1793 | D:2      | Reached XP level 4. HP: 32/32 MP: 11/11
  2501 | D:3      | Noticed a centaur
  2511 | D:3      | Killed a centaur
  2512 | D:3      | Reached skill level 1 in Conjurations
  2512 | D:3      | Reached skill level 1 in Hexes
  2512 | D:3      | Reached skill level 1 in Summonings
  2512 | D:3      | Reached skill level 1 in Necromancy
  2512 | D:3      | Reached skill level 1 in Translocations
  2512 | D:3      | Reached skill level 1 in Transmutations
  2512 | D:3      | Reached skill level 1 in Fire Magic
  2512 | D:3      | Reached skill level 1 in Air Magic
  2512 | D:3      | Reached skill level 1 in Earth Magic
  2512 | D:3      | Reached skill level 1 in Poison Magic
  2512 | D:3      | Reached XP level 5. HP: 37/37 MP: 5/12
  3168 | D:3      | Reached XP level 6. HP: 44/44 MP: 10/13
  3251 | D:3      | Found a faded altar of an unknown god.
  3365 | D:4      | Reached skill level 5 in Dodging
  3727 | D:4      | Learned a level 3 spell: Mephitic Cloud
  3842 | D:4      | Reached XP level 7. HP: 29/50 MP: 13/15
  5291 | D:5      | Entered Level 5 of the Dungeon
  5301 | D:5      | Reached skill level 5 in Stealth
  5410 | D:5      | Reached XP level 8. HP: 37/57 MP: 16/16
  6032 | D:5      | Found a shimmering blue altar of Sif Muna.
  6034 | D:5      | Found a sparkling altar of Nemelex Xobeh.
  7008 | D:6      | Noticed Eustachio
  7019 | D:6      | Killed Eustachio
  7130 | D:6      | Reached XP level 9. HP: 63/65 MP: 18/18
  7666 | D:6      | Found a staircase to the Ecumenical Temple.
  8275 | Temple   | Entered the Ecumenical Temple
  8285 | Temple   | Became a worshipper of Uskayaw the Reveller
  8331 | D:7      | Reached * piety under Uskayaw
  8350 | D:7      | Reached ** piety under Uskayaw
  8351 | D:7      | Reached skill level 8 in Ice Magic
  8546 | D:7      | Found a large runed translucent door.
  8546 | D:7      | Found a large runed translucent door.
  8570 | D:7      | Noticed an eight-headed hydra
  8577 | D:7      | HP: 1/65 [eight-headed hydra (11)]
  8914 | D:7      | Reached *** piety under Uskayaw
  8915 | D:7      | Killed an eight-headed hydra
  8916 | D:7      | Reached skill level 5 in Invocations
  9211 | D:7      | Identified the ring "Kaull" {Ice rN+ Str+3 Stlth-}
  9238 | D:7      | Reached XP level 10. HP: 73/73 MP: 13/20
  9239 | D:7      | Found a large runed translucent door.
  9239 | D:7      | Found a large runed translucent door.
  9339 | D:7      | Slain by a wyvern zombie

Illustrated notes

Levels and vault maps discovered:
D:1:      dpeg_arrival_prison, layout_basic
D:2:      layout_basic, grunt_decor_resistance, minmay_liquid_box,
          kennysheep_crisscross
D:3:      layout_rooms, hellmonk_ecumenical_altar_defaced_shrine,
          minmay_fractal_squares_diagonal_5
D:4:      layout_gridville, minmay_vboxes
D:5:      layout_cave_pools, jmf_multi_god_temple
D:6:      layout_cave_pods, minmay_temple_entry_from_below_a, uniq_eustachio
D:7:      layout_cave_pools, grunt_temple_overflow_open,
          ebering_ghost_rock_garden, hangedman_abyss_or_decor_slice,
          minmay_hollow_rounded_squares
Temple:   regret_index_temple_mists

Skill      XL: |  1  2  3  4  5  6  7  8  9 10 |
---------------+-------------------------------+-----
Spellcasting   | 5 6 7 |  7.0
Invocations    | 1 2 3 4 5 |  5.3
Fighting       | 1 2 3 4 |  4.8
Short Blades   | 1 2 3 4 |  4.8
Long Blades    | 1 2 3 4 |  4.8
Axes           | 1 2 3 4 |  4.8
Maces & Flails | 1 2 3 4 |  4.8
Polearms       | 1 2 3 4 |  4.8
Staves         | 1 2 3 4 |  4.8
Slings         | 1 2 3 4 |  4.8
Bows           | 1 2 3 4 |  4.8
Crossbows      | 1 2 3 4 |  4.8
Throwing       | 1 2 3 4 |  4.8
Armour         | 1 2 3 4 |  4.8
Shields        | 1 2 3 4 |  4.8
Unarmed Combat | 1 2 3 4 |  4.8
Evocations     | 1 2 3 4 |  4.8
Conjurations   | 1 2 3 4 |  4.0
Hexes          | 1 2 3 4 |  4.0
Summonings     | 1 2 3 4 |  4.0
Necromancy     | 1 2 3 4 |  4.0
Translocations | 1 2 3 4 |  4.0
Transmutations | 1 2 3 4 |  4.0
Fire Magic     | 1 2 3 4 |  4.0
Air Magic      | 1 2 3 4 |  4.0
Earth Magic    | 1 2 3 4 |  4.0
Poison Magic   | 1 2 3 4 |  4.0
Dodging        | 5 6 |  6.7
Stealth        | 5 6 |  6.4
Ice Magic      | 8 |  8.2

Action                   |  1- 3 |  4- 6 |  7- 9 | 10-12 || total
-------------------------+-------+-------+-------+-------++-------
Melee: Unarmed           |     2 |       |       |       ||     2
       Short sword       |    52 |    68 |   256 |       ||   376
       Bite              |     2 |     6 |    29 |     2 ||    39
       Punch             |       |       |     6 |     1 ||     7
       Dagger            |       |       |    40 |    29 ||    69
 Cast: Freeze            |    49 |    38 |    39 |     6 ||   132
       Frozen Ramparts   |       |    10 |    30 |     1 ||    41
       Ozocubu's Armour  |       |     7 |    20 |     1 ||    28
Evoke: Wand              |       |       |     2 |       ||     2
  Use: Scroll            |       |       |     4 |     1 ||     5
       Potion            |       |       |       |     2 ||     2
 Stab: Sleeping          |       |       |     4 |       ||     4
       Paralysed         |       |       |     1 |       ||     1
Armor: Robe              |    19 |    33 |    36 |       ||    88
       Leather armour    |       |       |    73 |    12 ||    85
Dodge: Dodged            |    64 |    80 |   201 |    22 ||   367
